 Dungeon Crawl Stone Soup version 0.29-a0-294-g83ea962da3 (console) character file.

Game seed: 14312886612952240413

12228 Ignak the Thaumaturge (level 11, -3/83 HPs)
             Began as a Gnoll Hedge Wizard on Mar 18, 2022.
             Was a Priest of Sif Muna.
             Slain by an ogre
             ... wielding a +0 giant club
              (22 damage)
             ... on level 2 of the Orcish Mines.
             The game lasted 00:47:36 (13156 turns).

Ignak the Thaumaturge (Gnoll Hedge Wizard)         Turns: 13156, Time: 00:47:37

Health: -3/83      AC: 19    Str:  9    XL:     11   Next: 90%
Magic:  4/24       EV: 13    Int: 18    God:    Sif Muna [***...]
Gold:   950        SH:  5    Dex: 12    Spells: 11/29 levels left

rFire   . . .      SeeInvis .   z - +4 war axe (vamp)
rCold   . . .      Faith    .   o - +0 buckler
rNeg    . . .      Spirit   .   G - +0 acid dragon scales
rPois   .          Reflect  .   c - +0 hat
rElec   .          Harm     .   (no cloak)
rCorr   +          Rampage  .   y - +2 pair of gloves
Will    .....      Clarity  +   (no boots)
Stlth   +++.......              (no amulet)
HPRegen 0.23/turn               b - +4 ring of protection
MPRegen 0.19/turn               h - +4 ring of protection

@: very slightly contaminated
A: fangs 1, strong nose, distributed training, antennae 1, clarity, MP-powered
wands
a: Renounce Religion, Channel Magic, Forget Spell


You were on level 2 of the Orcish Mines.
You worshipped Sif Muna.
Sif Muna was most pleased with you.
You visited 3 branches of the dungeon, and saw 13 of its levels.

You collected 950 gold pieces.

Inventory:

Hand Weapons
 l - a +3 war axe
 z - a +4 vampiric war axe (weapon)
 F - a +6 great sword of freezing
Missiles
 t - 38 poisoned darts (quivered)
Armour
 c - a +0 hat (worn)
 f - an orb of mayhem
 n - +0 steam dragon scales
 o - a +0 buckler (worn)
 q - the +1 leather armour "Temiewol" {rC++}
   (You found it on level 5 of the Dungeon)

   rC:        It greatly protects you from cold.
 x - a +2 ring mail of cold resistance
 y - a +2 pair of gloves (worn)
 G - +0 acid dragon scales (worn)
Jewellery
 b - a +4 ring of protection (left hand)
 g - a +6 ring of strength
 h - a +4 ring of protection (right hand)
 A - an amulet of faith
 C - a ring of resist corrosion
 D - a ring of flight
Wands
 e - a wand of iceblast (7)
 p - a wand of mindburst (14)
 w - a wand of acid (10)
 B - a wand of digging (6)
Scrolls
 m - 3 scrolls of fear
 s - 2 scrolls of fog
 E - a scroll of amnesia
Potions
 a - a potion of might
 d - a potion of magic
 i - 3 potions of mutation
 j - 4 potions of curing


   Skills:
 + Level 6.7 Fighting
 + Level 6.7 Short Blades
 + Level 6.7 Long Blades
 + Level 6.7 Axes
 + Level 6.7 Maces & Flails
 + Level 6.7 Polearms
 + Level 6.7 Staves
 + Level 6.7 Slings
 + Level 6.7 Bows
 + Level 6.7 Crossbows
 + Level 6.7 Throwing
 + Level 6.7 Armour
 + Level 8.2 Dodging
 + Level 8.0 Stealth
 + Level 6.7 Shields
 + Level 6.7 Unarmed Combat
 + Level 9.9 Spellcasting
 + Level 6.0 Conjurations
 + Level 5.5 Hexes
 + Level 6.0 Summonings
 + Level 5.5 Necromancy
 + Level 6.0 Translocations
 + Level 5.5 Transmutations
 + Level 5.5 Fire Magic
 + Level 5.5 Ice Magic
 + Level 5.5 Air Magic
 + Level 5.5 Earth Magic
 + Level 5.5 Poison Magic
 + Level 7.4 Invocations
 + Level 6.7 Evocations


You had 11 spell levels left.
You knew the following spells:

 Your Spells              Type           Power      Damage    Failure   Level
a - Magic Dart            Conj           100%       1d8       1%          1
b - Blink                 Tloc           60%        N/A       1%          2
c - Frozen Ramparts       Ice            58%        1d7       4%          3
d - Mephitic Cloud        Conj/Pois/Air  29%        N/A       4%          3
e - Call Imp              Summ           30%        N/A       1%          2
f - Tukima's Dance        Hex            29%        N/A       4%          3
g - Hailstorm             Conj/Ice       29%        3d8       14%         4

Your spell library contained the following spells:

 Spells                   Type           Power      Damage    Failure   Level
 Animate Skeleton         Necr           58%        N/A       1%          1
 Apportation              Tloc           60%        N/A       1%          1
 Freeze                   Ice            100%       1d11      1%          1
 Slow                     Hex            100%       N/A       1%          1
 Summon Small Mammal      Summ           100%       N/A       1%          1
 Corpse Rot               Necr/Air       58%        N/A       2%          2
 Ensorcelled Hibernation  Hex/Ice        58%        N/A       2%          2
 Poisonous Vapours        Pois/Air       58%        N/A       2%          2
 Conjure Flame            Conj/Fire      29%        6-21      4%          3
 Gell's Gravitas          Tloc           30%        N/A       4%          3
 Portal Projectile        Hex/Tloc       58%        N/A       4%          3
 Spider Form              Tmut/Pois      29%        N/A       4%          3
 Teleport Other           Tloc           30%        N/A       4%          3
 Anguish                  Hex/Necr       14%        N/A       16%         4
 Blade Hands              Tmut           14%        N/A       41%         5
 Excruciating Wounds      Necr           14%        N/A       41%         5
 Dispersal                Tloc           15%        N/A       90%         6
 Enfeeble                 Hex            14%        N/A       100%        7


Dungeon Overview and Level Annotations

Branches:
Dungeon (10/15)            Temple (1/1) D:5             Orc (2/2) D:10
    Elf (0/3) Orc:2
   Lair: D:8-11

Altars:
Ashenzari
Dithmenos
Elyvilon
Fedhas
Gozag
Hepliaklqana
Kikubaaqudgha
Nemelex Xobeh
Ru
Sif Muna
Trog
Vehumet
Wu Jian
Yredelemnul
The Shining One

Shops:
Orc:1 *   Orc:2 *


Innate Abilities, Weirdness & Mutations

You have very sharp teeth.
Your uncanny sense of smell can sniff out nearby items.
Your experience applies equally to all skills.
You have a pair of small antennae on your head.
You possess an exceptional clarity of mind.
You expend magic power (3 MP) to strengthen your wands.


Message History

A nearby fungus withers and dies.
The orc warrior hums to itself desperately, trying to keep calm.
The troll yells at you, "GO AWAY!"
There is an entrance to Zyumpam's General Store here.
A nearby fungus withers and dies.
The orc warrior cowers, then darts away.
An orc warrior comes into view. It is wielding a +0 war axe.
The troll seems to regain its courage.
The orc warrior moves out of view.
The ogre seems less confused.
The ogre hits you with a +0 giant club!
Casting: Mephitic Cloud (dangerous; 4% risk of failure)
Confirm with . or Enter, or press ? or * to list all spells.
Aiming: Tukima's Dance (dangerous; 4% risk of failure)
Press: ? - help, Shift-Dir - straight line, f - ogre
Aim: an ogre, wielding a +0 giant club (severely wounded, chance to affect: 59%)
You miscast Tukima's Dance.
You are very lightly contaminated with residual magic.
Nothing appears to happen.
The orc warrior shouts!
The orc warrior seems less confused.
The ogre closely misses you.
The orc warrior hits you from afar with a +0 glaive!
The orc warrior throws a boomerang.
The boomerang hits you but does no damage.
Casting: Tukima's Dance (dangerous; 4% risk of failure)
Confirm with . or Enter, or press ? or * to list all spells.
Aiming: Mephitic Cloud (dangerous; 4% risk of failure)
Press: ? - help, Shift-Dir - straight line, f - you, p - ogre The ball explodes into a vile cloud!
The stinking cloud engulfs you but does no damage.
The stinking cloud engulfs the ogre but does no damage.
The ogre is severely wounded.
You are engulfed in noxious fumes.
You choke on the stench!
You feel momentarily confused.
You hear a shout! x4; You hear two shouts!
You hear a shout!
An orc warrior comes into view. It is wielding a +2 glaive of venom.
The orc warrior hits you from afar with a +0 glaive!
* * * LOW HITPOINT WARNING * * *
The ogre is engulfed in noxious fumes.
The ogre hits you with a +0 giant club!!
You die...

###.# #######
##....##PP..P###
#....#.........###
#......PP.....#.## .#
##o...TP....P..P..#
..##.................#
...#.....P...∩......####
......#o☼.....P.P....$..
...#.#☼@O...............
......#.#...............
......o##....P..........
$..^.)...##.............
..$..)..###...........{.
.......o.###..##.......o
#.$.$....# ######.......
.o.....$.. #.......
#...$.#.### ..>#.#.$


You could see a troll, 4 orc warriors and an ogre.

Vanquished Creatures
  An orc warlord (Orc:1)
  An orc high priest (Orc:1)
  An orc knight (Orc:1)
  An oklob plant (Orc:1)
  A manticore (D:9)
  An orc sorcerer (Orc:1)
  A komodo dragon (D:10)
  A kobold demonologist (D:10)
  A troll (D:9)
  A hornet (D:9)
  A wyvern (D:9)
  15 yaks
  Eustachio (D:4)
  Grum (D:9)
  2 steam dragons
  A vampire mosquito (D:7)
  A warg (Orc:1)
  An acid dragon (D:9)
  2 dancing weapons
  A water moccasin (D:6)
  An ice beast (D:6)
  8 orc warriors
  A black bear (D:5)
  3 ogres
  4 wolves
  6 centaurs
  3 kobold brigands
  2 bullfrogs
  A necrophage (D:7)
  A scorpion (D:6)
  9 wights
  10 killer bees
  6 howler monkeys
  8 orc priests
  3 hounds
  A jelly (D:7)
  A gnoll shaman (D:7)
  Natasha (D:2)
  An iguana (D:4)
  6 orc wizards
  2 adders
  8 gnolls
  A white imp (D:6)
  An ufetubus (D:7)
  3 dart slugs
  2 worms
  63 orcs
  A bat (D:1)
  5 endoplasms
  A giant cockroach (D:1)
  4 goblins
  7 hobgoblins
  2 jackals (D:2)
  17 kobolds
  2 ball pythons (D:1)
  2 frilled lizards (D:1)
  4 rats
237 creatures vanquished.

Vanquished Creatures (collateral kills)
  An ice beast (D:8)
  An orc warrior (Orc:1)
  A necrophage (D:5)
  A scorpion (D:5)
  4 wights
  Natasha (D:2)
  An orc (D:10)
  2 ball pythons (D:2)
  2 endoplasms (D:1)
  4 giant cockroaches
  2 goblins
  2 hobgoblins (D:1)
  3 bats
25 creatures vanquished.

Vanquished Creatures (others)
  5 dancing weapons
  8 fungi (Orc:2)
13 creatures vanquished.

Grand Total: 275 creatures vanquished

Notes
Turn   | Place    | Note
-------+----------+-------------------------------------------
     0 | D:1      | Ignak the Gnoll Hedge Wizard began the quest for the Orb.
     0 | D:1      | Reached XP level 1. HP: 13/13 MP: 8/8
   169 | D:1      | Reached XP level 2. HP: 11/19 MP: 10/10
   471 | D:1      | Learned a level 2 spell: Blink
   474 | D:1      | Learned a level 2 spell: Call Imp
   779 | D:1      | Gained mutation: You have hidden genetic potential. [potion
                  | of mutation]
   779 | D:1      | Gained mutation: You possess an exceptional clarity of
                  | mind. [potion of mutation]
   924 | D:1      | Reached XP level 3. HP: 25/25 MP: 11/11
   928 | D:1      | Learned a level 3 spell: Mephitic Cloud
  1889 | D:2      | Noticed Natasha
  1944 | D:2      | Killed Natasha
  1945 | D:2      | Reached skill level 1 in Fighting
  1945 | D:2      | Reached skill level 1 in Short Blades
  1945 | D:2      | Reached skill level 1 in Long Blades
  1945 | D:2      | Reached skill level 1 in Axes
  1945 | D:2      | Reached skill level 1 in Maces & Flails
  1945 | D:2      | Reached skill level 1 in Polearms
  1945 | D:2      | Reached skill level 1 in Staves
  1945 | D:2      | Reached skill level 1 in Slings
  1945 | D:2      | Reached skill level 1 in Bows
  1945 | D:2      | Reached skill level 1 in Crossbows
  1945 | D:2      | Reached skill level 1 in Throwing
  1945 | D:2      | Reached skill level 1 in Armour
  1945 | D:2      | Reached skill level 1 in Shields
  1945 | D:2      | Reached skill level 1 in Unarmed Combat
  1945 | D:2      | Reached skill level 1 in Invocations
  1945 | D:2      | Reached skill level 1 in Evocations
  1945 | D:2      | Reached XP level 4. HP: 32/32 MP: 13/13
  1955 | D:2      | Gained mutation: You expend magic power (3 MP) to
                  | strengthen your wands. [hidden potential]
  2406 | D:2      | Noticed Natasha
  2417 | D:2      | Killed Natasha
  2418 | D:2      | Reached skill level 1 in Hexes
  2418 | D:2      | Reached skill level 1 in Necromancy
  2418 | D:2      | Reached skill level 1 in Transmutations
  2418 | D:2      | Reached skill level 1 in Fire Magic
  2418 | D:2      | Reached skill level 1 in Ice Magic
  2418 | D:2      | Reached skill level 1 in Air Magic
  2418 | D:2      | Reached skill level 1 in Earth Magic
  2418 | D:2      | Reached skill level 1 in Poison Magic
  2655 | D:3      | Learned a level 3 spell: Frozen Ramparts
  2755 | D:3      | You fall into a shaft and drop 1 floor!
  2774 | D:4      | Reached XP level 5. HP: 22/37 MP: 14/14
  2796 | D:4      | Gained mutation: You have a pair of small antennae on your
                  | head. [hidden potential]
  2796 | D:4      | Lost mutation: You have hidden genetic potential. [hidden
                  | potential expressed]
  2998 | D:4      | Reached XP level 6. HP: 32/44 MP: 16/16
  3368 | D:4      | Reached skill level 5 in Dodging
  3588 | D:4      | Noticed Eustachio
  3604 | D:4      | Killed Eustachio
  3605 | D:4      | Reached XP level 7. HP: 42/50 MP: 14/18
  3839 | D:5      | Entered Level 5 of the Dungeon
  3938 | D:5      | Reached skill level 5 in Stealth
  4225 | D:5      | Identified the +1 leather armour "Temiewol" {rC++}
  4363 | D:5      | Found a staircase to the Ecumenical Temple.
  4369 | Temple   | Entered the Ecumenical Temple
  4475 | Temple   | Became a worshipper of Sif Muna the Loreminder
  4878 | D:6      | Reached XP level 8. HP: 57/57 MP: 19/19
  5401 | D:6      | Reached skill level 8 in Spellcasting
  5917 | D:7      | Reached XP level 9. HP: 53/65 MP: 15/21
  5958 | D:7      | Reached * piety under Sif Muna
  6503 | D:7      | Found a blossoming altar of Fedhas.
  7301 | D:8      | Reached skill level 5 in Invocations
  7437 | D:8      | Learned a level 3 spell: Tukima's Dance
  7530 | D:8      | Reached ** piety under Sif Muna
  7550 | D:8      | Found a sparkling altar of Nemelex Xobeh.
  8055 | D:9      | Noticed Grum
  8061 | D:9      | Reached XP level 10. HP: 63/73 MP: 19/22
  8459 | D:9      | Reached skill level 5 in Fighting
  8459 | D:9      | Reached skill level 5 in Short Blades
  8459 | D:9      | Reached skill level 5 in Long Blades
  8459 | D:9      | Reached skill level 5 in Axes
  8459 | D:9      | Reached skill level 5 in Maces & Flails
  8459 | D:9      | Reached skill level 5 in Polearms
  8459 | D:9      | Reached skill level 5 in Staves
  8459 | D:9      | Reached skill level 5 in Slings
  8459 | D:9      | Reached skill level 5 in Bows
  8459 | D:9      | Reached skill level 5 in Crossbows
  8459 | D:9      | Reached skill level 5 in Throwing
  8459 | D:9      | Reached skill level 5 in Armour
  8459 | D:9      | Reached skill level 5 in Shields
  8459 | D:9      | Reached skill level 5 in Unarmed Combat
  8459 | D:9      | Reached skill level 5 in Evocations
  8461 | D:9      | Killed Grum
  8672 | D:9      | Reached skill level 9 in Spellcasting
  8690 | D:9      | Noticed a manticore
  9000 | D:8      | Reached skill level 5 in Conjurations
  9000 | D:8      | Reached skill level 5 in Summonings
  9000 | D:8      | Reached skill level 5 in Translocations
  9171 | D:9      | Killed a manticore
  9878 | D:10     | Entered Level 10 of the Dungeon
 10039 | D:10     | Found a staircase to the Orcish Mines.
 10092 | D:10     | Reached *** piety under Sif Muna
 10176 | D:10     | Noticed a kobold demonologist
 10180 | D:10     | Reached XP level 11. HP: 81/81 MP: 17/24
 10338 | D:10     | Reached skill level 5 in Hexes
 10338 | D:10     | Reached skill level 5 in Necromancy
 10338 | D:10     | Reached skill level 5 in Transmutations
 10338 | D:10     | Reached skill level 5 in Fire Magic
 10338 | D:10     | Reached skill level 5 in Ice Magic
 10338 | D:10     | Reached skill level 5 in Air Magic
 10338 | D:10     | Reached skill level 5 in Earth Magic
 10338 | D:10     | Reached skill level 5 in Poison Magic
 11120 | Orc:1    | Entered Level 1 of the Orcish Mines
 11120 | Orc:1    | Noticed an orc sorcerer
 11146 | Orc:1    | Killed an orc sorcerer
 11366 | Orc:1    | Found Deenisch's General Store.
 11398 | Orc:1    | Noticed an orc high priest
 11618 | Orc:1    | Noticed a sun demon
 11620 | Orc:1    | Killed an orc high priest
 11672 | Orc:1    | Learned a level 4 spell: Hailstorm
 11838 | Orc:1    | Noticed an oklob plant
 11870 | Orc:1    | Killed an oklob plant
 12263 | Orc:2    | Entered Level 2 of the Orcish Mines
 12263 | Orc:2    | Noticed an orc knight
 12263 | Orc:2    | Noticed an orc warlord
 12266 | Orc:2    | Noticed an orc sorcerer
 12396 | Orc:1    | Killed an orc warlord
 12691 | Orc:2    | Noticed an orc knight
 12794 | Orc:2    | Noticed an orc high priest
 12973 | Orc:1    | Killed an orc knight
 13120 | Orc:2    | Noticed an orc sorcerer
 13123 | Orc:2    | Noticed an orc knight
 13130 | Orc:2    | Found Zyumpam's General Store.
 13135 | Orc:2    | Found a staircase to the Elven Halls.
 13139 | Orc:2    | Noticed an orc warlord
 13156 | Orc:2    | Slain by an ogre

Illustrated notes

Levels and vault maps discovered:
D:1:      dpeg_arrival_stonehenge_8_columns, layout_basic
D:2:      layout_loops_ring, uniq_natasha
D:3:      layout_loops_corners, serial_undead, serial_undead_d, serial_undead_b,
          serial_undead_b, serial_undead_a,
          dreamdust_ecumenical_altar_angels_and_demons,
          hangedman_decor_opposing, minivault_25
D:4:      layout_loops_cross, uniq_eustachio
D:5:      layout_cave_pools, minmay_temple_entry_nine_rooms
D:6:      layout_loops_cross
D:7:      layout_loops_ring, minmay_misc_feat_alley, kennysheep_diamond,
          kennysheep_generic_room_14
D:8:      layout_rooms, mainiacjoe_overflow_boulevard, solitary_fountain
D:9:      layout_rooms, uniq_grum
D:10:     layout_irregular_city, hiddenorc2_lemuel,
          chequers_serial_rivers_micro_a
Temple:   mainiacjoe_temple_archimedes_tessellation
Orc:1:    orc_temple, layout_caves, serial_shops, shop_coins, mines3_lemuel
Orc:2:    grunt_orc_gardens, layout_diamond_mine, grunt_orc_garden,
          grunt_orc_garden, grunt_orc_garden, grunt_orc_garden,
          statue_in_the_mist_lemuel

Skill      XL: |  1  2  3  4  5  6  7  8  9 10 11 |
---------------+----------------------------------+-----
Conjurations   | 2 3 4 5 6 |  6.0
Summonings     | 2 3 4 5 6 |  6.0
Translocations | 2 3 4 5 6 |  6.0
Fighting       | 1 2 3 4 5 6 |  6.7
Short Blades   | 1 2 3 4 5 6 |  6.7
Long Blades    | 1 2 3 4 5 6 |  6.7
Axes           | 1 2 3 4 5 6 |  6.7
Maces & Flails | 1 2 3 4 5 6 |  6.7
Polearms       | 1 2 3 4 5 6 |  6.7
Staves         | 1 2 3 4 5 6 |  6.7
Slings         | 1 2 3 4 5 6 |  6.7
Bows           | 1 2 3 4 5 6 |  6.7
Crossbows      | 1 2 3 4 5 6 |  6.7
Throwing       | 1 2 3 4 5 6 |  6.7
Armour         | 1 2 3 4 5 6 |  6.7
Shields        | 1 2 3 4 5 6 |  6.7
Unarmed Combat | 1 2 3 4 5 6 |  6.7
Invocations    | 1 2 3 4 5 6 7 |  7.4
Evocations     | 1 2 3 4 5 6 |  6.7
Hexes          | 1 2 3 4 5 |  5.5
Necromancy     | 1 2 3 4 5 |  5.5
Transmutations | 1 2 3 4 5 |  5.5
Fire Magic     | 1 2 3 4 5 |  5.5
Ice Magic      | 1 2 3 4 5 |  5.5
Air Magic      | 1 2 3 4 5 |  5.5
Earth Magic    | 1 2 3 4 5 |  5.5
Poison Magic   | 1 2 3 4 5 |  5.5
Dodging        | 5 6 7 8 |  8.2
Stealth        | 5 6 7 8 |  8.0
Spellcasting   | 8 9 |  9.9

Action                   |  1- 3 |  4- 6 |  7- 9 | 10-12 || total
-------------------------+-------+-------+-------+-------++-------
Melee: Hand axe          |    49 |    16 |       |       ||    65
       Bite              |     3 |     5 |    25 |    57 ||    90
       Punch             |     1 |     2 |     1 |       ||     4
       Rapier            |       |    23 |       |       ||    23
       Flail             |       |    47 |   231 |       ||   278
       War axe           |       |       |     3 |   351 ||   354
Throw: Throwing net      |       |     1 |       |       ||     1
       Dart              |       |       |       |     3 ||     3
 Cast: Magic Dart        |    31 |     5 |     1 |     4 ||    41
       Call Imp          |    13 |     7 |    18 |     8 ||    46
       Frozen Ramparts   |       |    12 |    31 |    26 ||    69
       Mephitic Cloud    |       |     4 |     3 |    26 ||    33
       Tukima's Dance    |       |       |    12 |    14 ||    26
       Blink             |       |       |     2 |     9 ||    11
       Hailstorm         |       |       |       |     7 ||     7
Invok: Channel Magic     |       |       |       |     1 ||     1
Evoke: Wand              |       |       |     2 |     9 ||    11
  Use: Potion            |     3 |       |     2 |     5 ||    10
       Scroll            |       |     2 |    11 |     5 ||    18
 Stab: Sleeping          |     3 |     4 |     6 |       ||    13
       Confused          |       |     2 |       |    12 ||    14
Armor: Robe              |    28 |    46 |    11 |       ||    85
       Leather armour    |       |       |   145 |    63 ||   208
       Acid dragon scale |       |       |       |   113 ||   113
Dodge: Dodged            |    65 |    84 |   239 |   255 ||   643
Block: Buckler           |       |       |    73 |   105 ||   178

Table legend: (Time is in decaauts)
 A = Elapsed time spent in this place.
 B = Non-inter-level travel time spent in this place.
 C = Inter-level travel time spent in this place.
 D = Time resting spent in this place.
 E = Time spent auto-exploring this place.
 F = Levels seen in this place.
 G = Mean time per level.
                   A        B        C        D        E       F      G
               +--------+--------+--------+--------+--------+-----+--------+
         Total |  13338 |  12798 |    540 |   3489 |   5249 |  13 | 1026.0 |
       Dungeon |  11438 |  10992 |    446 |   2684 |   4899 |  10 | 1143.8 |
        Temple |    203 |    110 |     93 |      0 |     81 |   1 |  203.0 |
  Orcish Mines |   1696 |   1696 |      0 |    805 |    269 |   2 |  848.0 |
               +--------+--------+--------+--------+--------+-----+--------+

Top non-repeatable levels by time:
   Orc:1: 1639 daAuts
    D:10: 1633 daAuts
     D:8: 1526 daAuts
     D:7: 1398 daAuts
     D:1: 1340 daAuts
     D:2: 1255 daAuts
     D:4: 1142 daAuts
     D:6: 1093 daAuts
     D:9: 1087 daAuts
     D:5: 739 daAuts
     D:3: 221 daAuts
  Temple: 203 daAuts
   Orc:2: 56 daAuts
